 Dungeon Crawl Stone Soup version 0.24.0-123-gd5b16e6ec5 (webtiles) character file.

Game seed: 12645382432133053776, levelgen mode: deterministic

3361078 Amplified the Invulnerable (level 27, 200/200 (204) HPs)
             Began as a Tengu Berserker on Feb 1, 2020.
             Was the Champion of Trog.
             Escaped with the Orb
             ... and 5 runes on Feb 2, 2020!
             The game lasted 02:29:48 (68491 turns).

Amplified the Invulnerable (Tengu Berserker)       Turns: 68491, Time: 02:29:49

HP:   200/200 (204) AC: 45    Str: 21    XL:     27
MP:   28/28         EV: 35    Int: 10    God:    Trog [******]
Gold: 454           SH: 34    Dex: 31    Spells: 26/26 levels left

rFire    + + +     SeeInvis .   w - +12 flail of Power {crush, *Drain +Rage rF+ Int+4}
rCold    + + .     Gourm    .   d - +6 shield of Elyvilon's Scorn {rF+ MR+ Regen+}
rNeg     + + +     Faith    .   q - +6 gold dragon scales
rPois    +         Spirit   .   m - +2 hat "Earthly Heaven" {Str+4}
rElec    +         Reflect  +   p - +1 cloak of Starlight {rElec rC+ EV+4 Stlth--}
rCorr    +         Harm     .   O - +2 pair of gloves {Dex+3}
MR       ++++.                  (boots unavailable)
Stlth    ..........             a - amulet of Temptation {Reflect Slay+3 SH+4}
HPRegen  0.83/turn              f - ring "Cehucaich" {*Slow rN+++ MP+9 Int-4 Dex+7}
MPRegen  0.21/turn              r - ring of resist corrosion

@: flying quickly and evasively, quick
A: beak, talons 3, iridescent scales 1, large bone plates 1, rugged brown scales
1, low mp 2, magic resistance 1, weak 2, able to fly
0: Orb of Zot
}: 5/15 runes: decaying, slimy, silver, abyssal, gossamer
a: Stop Flying, Berserk, Trog's Hand, Brothers in Arms, Renounce Religion, Evoke
Berserk Rage


You escaped.
You worshipped Trog.
Trog was exalted by your worship.
You were full.

You visited 11 branches of the dungeon, and saw 57 of its levels.
You visited the Abyss 3 times.
You visited 1 ziggurat, and saw 8 of its levels.
You also visited: Bailey, Volcano and Desolation.

You collected 10826 gold pieces.
You spent 10372 gold pieces at shops.

Inventory:

Hand Weapons
 i - the +6 eveningstar of the Hawk {crush, rN+}
   (You found it in the Desolation of Salt)

   It inflicts extra damage upon your enemies.
   It protects you from negative energy.
 w - the +12 flail of Power (weapon) {crush, *Drain +Rage rF+ Int+4}
   (You found it on level 6 of the Dungeon)

   It inflicts extra damage upon your enemies.
   It affects your intelligence (+4).
   It protects you from fire.
   It lets you go berserk.
   It causes draining when unequipped.
 C - the +11 hand axe "Atzoss" {drain, rElec rN+}
   (You found it on level 3 of the Swamp)

   A truly terrible weapon, it drains the life of those it strikes.
   It insulates you from electricity.
   It protects you from negative energy.
 P - a +9 eveningstar of freezing
 X - the +8 lajatang of Courage {antimagic, Fragile rElec rPois Dex+10}
   (You found it on level 6 of a ziggurat)

   It reduces the magical energy of the wielder, and disrupts the spells and
   magical abilities of those hit.
   Natural abilities and divine invocations are not affected.
   It affects your dexterity (+10).
   It insulates you from electricity.
   It protects you from poison.
   It will be destroyed if unequipped.
Missiles
 A - 10 throwing nets (quivered)
Armour
 d - the +6 shield of Elyvilon's Scorn (worn) {rF+ MR+ Regen+}
   (You bought it in a shop on level 2 of the Orcish Mines)

   It protects you from fire.
   It affects your resistance to hostile enchantments.
   It increases your rate of regeneration.
 m - the +2 hat "Earthly Heaven" (worn) {Str+4}
   (You bought it in a shop on level 1 of the Elven Halls)

   It affects your strength (+4).
 p - the +1 cloak of Starlight (worn) {rElec rC+ EV+4 Stlth--}
   (You found it on level 3 of the Elven Halls)

   It affects your evasion (+4).
   It protects you from cold.
   It insulates you from electricity.
   It makes you much less stealthy.
 q - +6 gold dragon scales (worn)
 B - the +3 crown of Dyrovepreva {rElec Int+2 SInv}
   (You found it on level 4 of a ziggurat)

   It affects your intelligence (+2).
   It insulates you from electricity.
   It lets you see invisible.
 O - a +2 pair of gloves of dexterity (worn)
 U - a +2 ring mail of poison resistance
Jewellery
 a - the amulet of Temptation (around neck) {Reflect Slay+3 SH+4}
   (You bought it in a shop on level 4 of the Depths)

   [amulet of reflection]

   It shields you and reflects attacks.
   It affects your accuracy and damage with ranged weapons and melee attacks
   (+3).
   It affects your SH (+4).
 b - an uncursed ring of poison resistance
 f - the ring "Cehucaich" (left hand) {*Slow rN+++ MP+9 Int-4 Dex+7}
   (You found it on level 2 of the Depths)

   [ring of magical power]

   It affects your intelligence (-4).
   It affects your dexterity (+7).
   It renders you almost immune to negative energy.
   It affects your magic capacity (+9).
   It may slow you when you take damage.
 r - a ring of resist corrosion (right hand)
 Q - the ring "Zepakod" {rN+ SInv}
   (You bought it in a shop on level 2 of the Orcish Mines)

   [ring of see invisible]

   It protects you from negative energy.
   It lets you see invisible.
 R - the amulet of Tomorrow {RegenMP +Blink rF+}
   (You bought it in a shop on level 2 of the Orcish Mines)

   [amulet of magic regeneration]

   It increases your magic regeneration.
   It protects you from fire.
   It lets you blink.
Wands
 g - a wand of scattershot (4)
 s - a wand of iceblast (26)
 E - a wand of polymorph (23)
 G - a wand of acid (18)
 I - a wand of paralysis (6)
 K - a wand of enslavement (8)
 M - a wand of flame (78)
 N - a wand of disintegration (133)
 T - a wand of digging (1)
Scrolls
 j - 3 scrolls of silence
 l - 34 scrolls of remove curse
 t - 5 scrolls of brand weapon
 u - 20 scrolls of teleportation
 v - a scroll of summoning
 y - 2 scrolls of fog
 F - 3 scrolls of enchant weapon
 J - 11 scrolls of identify
 L - 15 scrolls of fear
 W - 6 scrolls of blinking
 Y - a scroll of magic mapping
Potions
 e - 4 potions of magic
 k - 18 potions of curing
 n - 9 potions of ambrosia
 x - 2 potions of mutation
 D - 9 potions of brilliance
 H - 3 potions of cancellation
 S - 3 potions of berserk rage
 Z - 7 potions of heal wounds
Miscellaneous
 z - 2 phantom mirrors
Comestibles
 c - 76 rations


   Skills:
 O Level 27 Fighting
 - Level 14.4 Maces & Flails
   Level 6.5 Polearms
 O Level 27 Armour
 O Level 27 Dodging
 * Level 26.6 Shields
 - Level 8.0 Unarmed Combat


You had 26 spell levels left.
You didn't know any spells.
Your spell library contained the following spells:

 Spells                   Type           Power        Failure   Level  Hunger
 Animate Skeleton         Necr           N/A          98%         1    ##.....
 Apportation              Tloc           #.....       98%         1    ##.....
 Confusing Touch          Hex            #.....       98%         1    ##.....
 Corona                   Hex            #......      98%         1    ##.....
 Magic Dart               Conj           #...         98%         1    ##.....
 Sandblast                Erth           #.....       98%         1    ##.....
 Shock                    Conj/Air       #...         98%         1    ##.....
 Sting                    Conj/Pois      #...         98%         1    ##.....
 Summon Butterflies       Summ           #.......     98%         1    ##.....
 Summon Small Mammal      Summ           #...         98%         1    ##.....
 Blink                    Tloc           N/A          99%         2    ###....
 Call Imp                 Summ           #.......     99%         2    ###....
 Corpse Rot               Necr           N/A          99%         2    ###....
 Ensorcelled Hibernation  Hex/Ice        #.....       99%         2    ###....
 Passwall                 Tmut/Erth      #.......     99%         2    ###....
 Poisonous Vapours        Pois/Air       #.....       99%         2    ###....
 Shroud of Golubria       Chrm/Tloc      #.....       99%         2    ###....
 Slow                     Hex            #.......     99%         2    ###....
 Sublimation of Blood     Necr           #.........   99%         2    ###....
 Swiftness                Chrm/Air       #.......     99%         2    ###....
 Call Canine Familiar     Summ           #.......     100%        3    ####...
 Confuse                  Hex            #.......     100%        3    ####...
 Conjure Flame            Conj/Fire      #.......     100%        3    ####...
 Dazzling Spray           Conj/Hex       #.....       100%        3    ####...
 Gell's Gravitas          Tloc           #.........   100%        3    ####...
 Ignite Poison            Fire/Tmut/Pois #.......     100%        3    ####...
 Lesser Beckoning         Tloc           #.........   100%        3    ####...
 Mephitic Cloud           Conj/Pois/Air  #.......     100%        3    ####...
 Portal Projectile        Hex/Tloc       #.....       100%        3    ####...
 Recall                   Summ/Tloc      N/A          100%        3    ####...
 Regeneration             Chrm/Necr      #.........   100%        3    ####...
 Static Discharge         Conj/Air       #.......     100%        3    ####...
 Stone Arrow              Conj/Erth      #.....       100%        3    ####...
 Summon Guardian Golem    Hex/Summ       #.......     100%        3    ####...
 Teleport Other           Tloc           #.......     100%        3    ####...
 Tukima's Dance           Hex            #.......     100%        3    ####...
 Airstrike                Air            #.........   100%        4    #####..
 Force Lance              Conj/Tloc      #.......     100%        4    #####..
 Leda's Liquefaction      Hex/Erth       #.........   100%        4    #####..
 Olgreb's Toxic Radiance  Pois           #.......     100%        4    #####..
 Petrify                  Tmut/Erth      #.......     100%        4    #####..
 Summon Ice Beast         Ice/Summ       #.......     100%        4    #####..
 Summon Lightning Spire   Summ/Air       #.......     100%        4    #####..
 Agony                    Necr           #.......     100%        5    ######.
 Alistair's Intoxication  Tmut/Pois      #.......     100%        5    ######.
 Bolt of Draining         Conj/Necr      #.........   100%        5    ######.
 Dispel Undead            Necr           #.......     100%        5    ######.
 Excruciating Wounds      Chrm/Necr      #.........   100%        5    ######.
 Fireball                 Conj/Fire      #.........   100%        5    ######.
 Irradiate                Conj/Tmut      #.........   100%        5    ######.
 Lee's Rapid Deconstruct  Erth           #.........   100%        5    ######.
 Lightning Bolt           Conj/Air       #.........   100%        5    ######.
 Metabolic Englaciation   Hex/Ice        #.........   100%        5    ######.
 Silence                  Hex/Air        #.........   100%        5    ######.
 Summon Forest            Summ/Tloc      #.........   100%        5    ######.
 Summon Mana Viper        Hex/Summ       #.......     100%        5    ######.
 Venom Bolt               Conj/Pois      #.........   100%        5    ######.
 Yara's Violent Unravell  Hex/Tmut       #.........   100%        5    ######.
 Bolt of Fire             Conj/Fire      #.........   100%        6    #######
 Conjure Ball Lightning   Conj/Air       #.........   100%        6    #######
 Death Channel            Necr           #.........   100%        6    #######
 Deflect Missiles         Chrm/Air       #.........   100%        6    #######
 Dispersal                Tloc           #.........   100%        6    #######
 Freezing Cloud           Conj/Ice/Air   #.........   100%        6    #######
 Hydra Form               Tmut           #.........   100%        6    #######
 Invisibility             Hex            #.......     100%        6    #######
 Iron Shot                Conj/Erth      #.........   100%        6    #######
 Statue Form              Tmut/Erth      #........    100%        6    #######
 Dragon Form              Tmut           #.........   100%        7    #######
 Ring of Flames           Chrm/Fire      #.........   100%        7    #######
 Summon Hydra             Summ           #.........   100%        7    #######
 Borgnjor's Revivificati  Necr           #.........   100%        8    #######
 Controlled Blink         Tloc           N/A          100%        8    #######
 Disjunction              Tloc           #.........   100%        8    #######
 Ignition                 Fire           #.........   100%        8    #######
 Tornado                  Air            #.........   100%        9    #######
 Passage of Golubria      Tloc           Unusable     N/A         4    N/A

Dungeon Overview and Level Annotations

Branches:
Dungeon (15/15)            Temple (0/1) D:5            Lair (6/6) D:11
  Swamp (4/4) Lair:2       Spider (4/4) Lair:2        Slime (5/5) Lair:5
    Orc (2/2) D:9             Elf (3/3) Orc:2        Vaults (5/5) D:13
  Crypt (3/3) Vaults:3       Tomb (0/3) Crypt:3      Depths (5/5) D:15
    Zot (5/5) Depths:5     Bailey (visited)         Volcano (visited)
Desolation (visited)

Altars:
Cheibriados
Dithmenos
Elyvilon
Gozag
Kikubaaqudgha
Makhleb
Nemelex Xobeh
Okawaru
Vehumet
Xom
Yredelemnul
Beogh
Jiyva

Shops:
D:13 *   Orc:2 [[=!   Elf:1 [   Elf:2 *   Vaults:3 ?   Vaults:4 *
Vaults:5 %%??   Depths:4 (}==}[

Portals:
Hell: Depths:1 Depths:2 Depths:3 Depths:4 Depths:5
Abyss: Depths:4
Pandemonium: Depths:2 Depths:3

Annotations:
Vaults:4 Check in for Crpyt


Innate Abilities, Weirdness & Mutations

You have a beak for a mouth.
You have claws for feet.
You can fly continuously.
You are partially covered in iridescent scales. (AC +2)
You are partially covered in large bone plates. (SH +4)
You are partially covered in rugged brown scales. (AC +1, +3% HP)
Your magical capacity is very low. (-20% MP)
You are resistant to hostile enchantments. (MR+)
You are very weak. (Str -4)


Message History

You claw the Orb Guardian, but do no damage.
The Orb Guardian is heavily wounded.
The Orb Guardian completely misses you.
You bludgeon the Orb Guardian!! Your kick misses the Orb Guardian.
You peck the Orb Guardian.
The Orb Guardian is severely wounded.
You block the Orb Guardian's attack.
You hit the Orb Guardian.
You claw the Orb Guardian, but do no damage.
You peck the Orb Guardian, but do no damage.
The Orb Guardian is severely wounded.
You block the Orb Guardian's attack.
You hit the Orb Guardian. Your kick misses the Orb Guardian.
You peck the Orb Guardian.
The Orb Guardian is almost dead.
The Orb Guardian completely misses you.
You bludgeon the Orb Guardian!!
You kill the Orb Guardian!
Trog accepts your kill.
You have escaped!

(.# #....##########.## ..#
#..#.............. ..#
#####''###..#######.## ..#
##≈≈.......8.# #.#
..#########≈≈..≈≈≈≈≈≈.## #.#
>..........≈[.≈≈...≈≈≈# #.#
..#########≈.≈≈..≈..≈≈########.#
..# #≈.≈≈.≈≈≈..≈#........# .##
#≈.≈≈.@.≈≈.≈#.######### .#
#≈..≈≈≈.≈≈.≈#.#........ .#
#≈≈..≈..≈≈.≈#.#........ .#
#≈≈≈...≈≈..≈#.#..###### .#
##.≈≈≈≈≈≈..≈≈#.#..#....# .#
#.8.......≈≈##.#..#.##.# .#
#..###''######.#..#..#.# .#
#..###..######.#..#.[#.# .#
#.................#.##.#


There were no monsters in sight!

Vanquished Creatures
  the Royal Jelly (Slime:5)
  4 orbs of fire
  Mara (Depths:2)
  2 ancient liches
  The ghost of Liela the Warrior, a veteran CeHu of the Shining One (Crypt:1)
  A pandemonium lord (Zig:5)
  A greater mummy (Depths:5)
  2 Killer Klowns (Zot:5)
  Bai Suzhen (Depths:2)
  6 caustic shrikes
  3 curse toes
  16 golden dragons
  3 bone dragons
  Nikola (Spider:4)
  the Enchantress (Depths:3)
  Arachne (Spider:4)
  2 profane servitors
  A Tzitzimitl (Depths:1)
  A Brimstone Fiend (D:10)
  A hellephant (Abyss:5)
  5 electric golems
  23 tentacled monstrosities
  Jorgrun (D:14)
  The ghost of Xerdoz the Severer, an adept DDFi of Makhleb (Depths:1)
  A Hell Sentinel (Abyss:2)
  25 Orb Guardians
  Asterion (Spider:4)
  A quicksilver dragon (shapeshifter) (Zig:2)
  7 liches
  16 titans
  A deep elf master archer (Elf:3)
  7 quicksilver dragons
  2 deep elf blademasters (Elf:3)
  Frances (D:14)
  20 acid blobs
  An ancient champion (Vaults:3)
  Kirke (D:14)
  4 sphinxes
  Agnes (D:14)
  15 tentacled starspawn
  6 death cobs
  7 tengu reavers
  12 storm dragons
  4 revenants
  6 thorn hunters
  Donald (Swamp:4)
  6 draconian monks
  10 shadow dragons
  15 fire giants
  A daeva (Abyss:4)
  Roxanne (D:15)
  12 azure jellies
  2 orc warlords
  8 frost giants
  9 ghost moths
  22 vault wardens
  14 deep elf sorcerers
  2 imperial myrmidons (Desolation)
  2 cacodemons
  5 iron dragons
  A ghost moth (shapeshifter) (Depths:4)
  4 draconian knights
  5 draconian scorchers
  3 curse skulls
  Aizul (Depths:1)
  7 emperor scorpions
  3 draconian stormcallers
  7 draconian shifters
  Louise (Spider:3)
  10 ironheart preservers
  6 deep elf elementalists
  4 spriggan defenders
  30 very ugly things
  14 ghouls
  8 draconian annihilators
  3 angels
  10 entropy weavers
  2 reapers
  The ghost of brucemayne the Severer, a journeyman HOMo of Trog (Lair:3)
  A corrupter (D:10)
  9 deep elf demonologists
  20 stone giants
  4 green draconians
  Azrael (D:12)
  A black sun (Zig:5)
  18 black draconians
  8 vampire knights
  5 lorocyprocas
  13 white draconians
  10 purple draconians
  6 deep elf annihilators
  7 yellow draconians
  2 halazid warlocks (Desolation)
  9 red draconians
  10 spark wasps
  A mummy priest (Crypt:3)
  16 ettins
  9 eidola
  12 jiangshi
  8 deep elf death magi
  13 yaktaur captains
  A green death (Zot:5)
  8 deep elf high priests
  2 merfolk impalers (Depths:2)
  3 blizzard demons
  3 crystal guardians
  4 death oozes (Slime:5)
  A quicksilver dragon zombie (Crypt:3)
  Josephine (D:14)
  24 ogre magi
  7 ragged hierophants (Desolation)
  11 great orbs of eyes
  12 fire dragons
  29 vault guards
  14 hydras
  5 rakshasas
  A monstrous demonspawn (Depths:2)
  8 spriggan air magi
  8 peacekeepers
  14 ice dragons
  7 servants of whispers (Desolation)
  4 ghost crabs
  68 two-headed ogres
  2 naga warriors (Zig:7)
  A hell beast (D:10)
  Erica (D:9)
  9 death knights
  20 alligators
  3 shambling mangroves
  9 centaur warriors
  3 deep troll earth magi
  7 deep troll shamans
  25 dancing weapons
  A queen ant (Lair:4)
  10 vampire magi
  6 tengu warriors
  3 naga sharpshooters (Zig:7)
  29 thrashing horrors
  5 spriggan berserkers
  7 orc high priests
  3 soul eaters
  A death yak (Lair:4)
  2 titan zombies (Crypt:1)
  24 small abominations
  26 deep elf knights
  19 hell knights
  2 sun demons
  3 iron trolls
  15 skeletal warriors
  17 wretched stars
  2 sixfirhies
  5 glowing orange brains
  A salamander mystic (Volcano)
  8 shadow wraiths
  A golden dragon zombie (Crypt:2)
  4 anaconda zombies
  A death drake (Swamp:3)
  2 spriggan druids
  A deep troll (shapeshifter) (Depths:3)
  5 spatial maelstroms
  14 flayed ghosts
  8 unseen horrors
  An infernal demonspawn (Depths:2)
  24 deep trolls
  A ghost moth zombie (Crypt:1)
  4 wizards
  A storm dragon skeleton (Abyss:1)
  2 torturous demonspawn (D:10)
  11 deep elf archers
  20 ironbrand convokers
  3 shadow demons
  2 anaconda skeletons
  An obsidian statue (Depths:1)
  A mana viper (shapeshifter) (Abyss:4)
  A golden dragon skeleton (Crypt:1)
  A wolf spider zombie (Crypt:3)
  2 swamp dragons (Swamp:2)
  42 large abominations
  A lindwurm (Lair:6)
  32 phantasmal warriors
  An oklob plant (Lair:4)
  4 spectral hydras (Swamp:3)
  18 necromancers
  24 orc knights
  46 ugly things
  2 shadow dragon skeletons (Crypt:1)
  7 orc sorcerers
  A stone giant zombie (Crypt:3)
  A wolf spider (shapeshifter) (Depths:5)
  57 deep elf magi
  27 wolf spiders
  A frost giant zombie (Crypt:3)
  A faun (shapeshifter) (Vaults:3)
  6 shining eyes
  17 orb spiders
  A fire giant zombie (Depths:1)
  6 salamanders (Volcano)
  8 cyclopes
  7 elephants
  2 worldbinders
  2 manticores
  12 vault sentinels
  2 rust devils
  A frost giant skeleton (Vaults:3)
  12 black mambas
  2 apocalypse crabs
  6 guardian serpents
  A naga mage (Zig:7)
  3 molten gargoyles
  A guardian serpent (shapeshifter) (Depths:4)
  A shock serpent zombie (Crypt:1)
  38 moths of wrath
  A stone giant skeleton (Vaults:3)
  14 smoke demons
  A black mamba (shapeshifter) (Vaults:5)
  A gargoyle (D:11)
  4 torpor snails
  2 elephants (shapeshifter)
  2 ice statues (Zig:8)
  2 rime drakes
  Psyche (D:9)
  25 spiny frogs
  2 efreet
  6 orange demons
  A yellow draconian zombie (Crypt:2)
  41 yaktaurs
  21 freezing wraiths
  2 kobold demonologists
  3 ice devils
  A yaktaur (shapeshifter) (D:15)
  11 demonic crawlers
  44 starcursed masses
  9 komodo dragons
  A komodo dragon (shapeshifter) (Vaults:3)
  A redback zombie (D:13)
  6 guardian mummies
  A hellwing (Abyss:5)
  3 swamp worm zombies (Swamp:3)
  6 tengu conjurers
  A tormentor (Abyss:1)
  A sea snake skeleton (Crypt:1)
  A spriggan skeleton (Depths:1)
  A merfolk (shapeshifter) (Abyss:5)
  6 ancient zymes
  2 trolls (shapeshifter)
  A hydra zombie (Crypt:3)
  A red devil (Depths:2)
  A queen bee (Abyss:5)
  4 polar bears
  A catoblepas skeleton (Crypt:1)
  A yaktaur skeleton (Vaults:3)
  A wind drake (shapeshifter) (Vaults:3)
  10 trolls
  38 jumping spiders
  4 meliai (Abyss:5)
  24 hornets
  7 tyrant leeches
  93 slime creatures
  A blink frog (shapeshifter) (Depths:3)
  15 raiju
  22 blink frogs
  13 bog bodies
  A hornet (shapeshifter) (Vaults:1)
  2 spectral swamp dragons (Swamp:3)
  A hippogriff (shapeshifter) (Vaults:1)
  11 dream sheep
  A dream sheep (shapeshifter) (Abyss:5)
  2 fire dragon zombies
  5 alligator zombies (Swamp:3)
  3 ettin zombies
  14 hippogriffs
  58 saltlings (Desolation)
  8 flying skulls
  A black mamba zombie (Crypt:3)
  4 ynoxinuls
  A centaur simulacrum (D:15)
  A dire elephant simulacrum (Crypt:2)
  Sigmund (D:3)
  30 tarantellas
  10 water elementals
  2 air elementals
  62 redbacks
  A spriggan (shapeshifter) (Vaults:5)
  A tarantella (shapeshifter) (D:12)
  A wyvern (shapeshifter) (Depths:3)
  14 spriggans
  18 wraiths
  An ettin skeleton (Crypt:1)
  A redback (shapeshifter) (Depths:5)
  A vampire (Abyss:5)
  4 wyverns (Lair:6)
  5 shadows
  3 hogs (D:14)
  2 basilisks
  An ushabti (Crypt:3)
  2 fire bats (Abyss:1)
  50 yaks
  Grum (D:9)
  7 chaos spawn
  5 tyrant leech zombies
  2 hungry ghosts
  7 fire elementals
  11 golden eyes
  2 steam dragons
  An emperor scorpion simulacrum (Crypt:2)
  10 neqoxecs
  3 swamp worm simulacra (Swamp:4)
  A merfolk zombie (Crypt:1)
  16 vampire mosquitoes
  5 insubstantial wisps (Swamp:3)
  3 wargs (Orc:2)
  A naga (Zig:7)
  5 acid dragons
  A deep troll zombie (Crypt:2)
  13 spatial vortices
  10 swamp worms
  9 water moccasins
  A floating eye (Depths:3)
  10 soldier ants (Lair:4)
  7 porcupines
  6 spiny frog zombies
  10 hell hounds
  A floating eye (shapeshifter) (Vaults:2)
  66 orc warriors
  15 hydra simulacra (Swamp:4)
  10 ice beasts
  An elf zombie (Vaults:3)
  A human zombie (Vaults:3)
  A fire dragon simulacrum (Crypt:2)
  2 black bears
  A swamp dragon zombie (Crypt:3)
  3 phantoms
  6 sky beasts
  8 swamp drakes
  16 necrophages
  50 ogres
  5 eyes of draining
  26 wolves
  12 boggarts
  A snapping turtle zombie (Crypt:3)
  A torpor snail zombie (Crypt:1)
  A crocodile (shapeshifter) (Depths:3)
  13 centaurs
  An elf simulacrum (Vaults:1)
  4 big kobolds
  8 crocodiles
  24 bullfrogs
  A wyvern zombie (D:10)
  A deep troll simulacrum (Vaults:1)
  2 elf skeletons
  9 gnoll sergeants
  3 earth elementals
  4 wyvern skeletons (Crypt:3)
  3 troll zombies
  5 scorpions
  3 spriggan zombies
  15 killer bees
  2 electric eels (D:15)
  2 howler monkeys
  18 wights
  A vampire bat (Lair:2)
  5 lava snakes (Lair:6)
  4 centaur zombies
  5 crimson imps
  2 bullfrog zombies
  7 quasits
  2 human simulacra (Vaults:2)
  14 jellies
  4 hounds
  37 orc priests
  Crazy Yiuf (D:4)
  4 centaur skeletons
  6 gnoll shamans (Bailey)
  4 bullfrog skeletons
  2 iron imps
  A human skeleton (Crypt:1)
  Ijyb (D:4)
  5 iguanas
  34 orc wizards
  3 hell rats (D:7)
  A porcupine skeleton (Crypt:1)
  A porcupine zombie (Crypt:2)
  24 worker ants
  A tengu skeleton (Crypt:1)
  A hound skeleton (D:4)
  7 mummies
  A howler monkey zombie (D:9)
  A worker ant zombie (D:6)
  12 adders
  A howler monkey skeleton (D:4)
  18 gnolls
  5 river rats (D:7)
  2 shadow imps (D:11)
  3 white imps
  2 ufetubi
  An ooze (Lair:5)
  5 swamp drake simulacra (Swamp:4)
  An adder zombie (D:8)
  An adder skeleton (D:4)
  2 worms
  4 dart slugs
  3 leopard geckos
  146 orcs
  7 giant cockroaches
  7 goblins
  8 hobgoblins
  14 jackals
  7 quokkas
  A ball python skeleton (Crypt:1)
  11 bats
  A dart slug zombie (Crypt:1)
  3 frilled lizards
  12 kobolds
  A leopard gecko skeleton (D:4)
  17 rats
  A bush (Abyss:3)
  2 crawling corpses (Vaults:5)
  A lurking horror (Abyss:3)
  14 starspawn tentacles
  3 withered plants (Crypt:3)
3411 creatures vanquished.

Vanquished Creatures (collateral kills)
  An Orb Guardian (Zot:5)
  A quicksilver dragon (Zot:5)
2 creatures vanquished.

Vanquished Creatures (others)
  An orb of fire (Zot:5)
  A deep elf master archer (Elf:3)
  A fire giant (Depths:4)
  A spriggan defender (Depths:4)
  A yaktaur captain (Vaults:5)
  A hydra (Swamp:4)
  A peacekeeper (Desolation)
  An alligator (Swamp:3)
  A shadow wraith (Abyss:1)
  A wretched star (Abyss:5)
  An unseen horror (shapeshifter) (Vaults:2)
  2 deep elf archers (Elf:1)
  2 deep elf magi
  A guardian serpent (Zig:7)
  A meliai (Abyss:5)
  A jumping spider (shapeshifter) (Depths:4)
  2 saltlings (Desolation)
  A bog body (Swamp:4)
  A raiju (Abyss:5)
  A redback (Spider:4)
  2 humans (D:14)
  2 neqoxecs (Abyss:5)
  A killer bee (Abyss:5)
  A jelly (D:12)
  A rat (D:7)
  2 briar patches (Swamp:4)
  A bush (Abyss:3)
  A demonic plant (Abyss:1)
  3 lurking horrors
  6 plants
  57 starspawn tentacles
  13 withered plants
113 creatures vanquished.

Grand Total: 3526 creatures vanquished

Notes
Turn   | Place    | Note
-------+----------+-------------------------------------------
     0 | D:1      | Amplified the Tengu Berserker began the quest for the Orb.
     0 | D:1      | Reached XP level 1. HP: 14/14 MP: 2/2
   147 | D:1      | Reached XP level 2. HP: 19/19 MP: 3/3
   970 | D:2      | Found a shimmering altar of Xom.
  1122 | D:2      | Reached XP level 3. HP: 23/23 MP: 4/4
  1294 | D:2      | Reached ** piety under Trog
  1935 | D:3      | Reached XP level 4. HP: 25/28 MP: 5/5
  2024 | D:3      | Noticed Sigmund
  2064 | D:3      | Gained mutation: You can fly continuously. [Tengu growth]
  2064 | D:3      | Reached XP level 5. HP: 23/33 MP: 6/6
  2386 | D:3      | Killed Sigmund
  2386 | D:3      | Reached skill level 5 in Polearms
  2386 | D:3      | Reached XP level 6. HP: 39/39 MP: 7/7
  2941 | D:4      | Noticed Ijyb
  2951 | D:4      | Killed Ijyb
  3052 | D:4      | Reached skill level 5 in Fighting
  3052 | D:4      | Reached XP level 7. HP: 44/44 MP: 8/8
  3061 | D:4      | Got a faintly glowing robe
  3181 | D:4      | Reached *** piety under Trog
  3618 | D:4      | Found a runed translucent door.
  3619 | D:4      | Noticed Crazy Yiuf
  3626 | D:4      | Killed Crazy Yiuf
  3644 | D:4      | Identified the cursed +1 robe of the Bouncing Deaths
                  | {Slay+3 Stlth+} (You found it on level 4 of the Dungeon)
  3681 | D:5      | Entered Level 5 of the Dungeon
  3736 | D:5      | Found a staircase to the Ecumenical Temple.
  4413 | D:6      | Reached XP level 8. HP: 40/51 MP: 9/9
  4556 | D:6      | Got an ancient flail
  4557 | D:6      | Identified the +12 flail of Power {crush, *Drain +Rage rF+
                  | Int+4} (You found it on level 6 of the Dungeon)
  4564 | D:6      | Reached skill level 1 in Maces & Flails
  4610 | D:6      | Found a white marble altar of Elyvilon.
  5032 | D:7      | Reached **** piety under Trog
  5037 | D:7      | Reached skill level 5 in Armour
  5037 | D:7      | Reached skill level 5 in Dodging
  5299 | D:7      | Reached XP level 9. HP: 50/57 MP: 10/10
  5902 | D:8      | Reached ***** piety under Trog
  5951 | D:8      | Reached skill level 5 in Maces & Flails
  6010 | D:8      | Noticed a two-headed ogre
  6021 | D:8      | HP: 2/59 [two-headed ogre/+0 giant club (19)]
  6027 | D:8      | Killed a two-headed ogre
  6040 | D:8      | Received a gift from Trog
  6040 | D:8      | Reached XP level 10. HP: 40/65 MP: 11/11
  6060 | D:8      | Found a sparkling altar of Nemelex Xobeh.
  6061 | D:8      | Found an opulent altar of Gozag.
  6061 | D:8      | Found a shimmering altar of Xom.
  6061 | D:8      | Found a radiant altar of Vehumet.
  6061 | D:8      | Found a burning altar of Makhleb.
  6062 | D:8      | Found an iron altar of Okawaru.
  6064 | D:8      | Found a snail-covered altar of Cheibriados.
  6533 | D:9      | Noticed Psyche
  6542 | D:9      | Killed Psyche
  6661 | D:9      | Found an iron altar of Okawaru.
  6687 | D:9      | Noticed Grum
  6699 | D:9      | Killed Grum
  6862 | D:9      | Found a flagged portal.
  6870 | Bailey   | Entered a bailey
  6949 | Bailey   | Reached skill level 10 in Fighting
  6951 | Bailey   | Reached XP level 11. HP: 64/72 MP: 12/12
  7399 | D:9      | Noticed a three-headed hydra
  7403 | D:9      | Killed a three-headed hydra
  7541 | D:9      | Noticed Erica
  7547 | D:9      | Killed Erica
  7589 | D:9      | Found a roughly hewn altar of Beogh.
  7589 | D:9      | Found a staircase to the Orcish Mines.
  7597 | D:9      | Received a gift from Trog
  7750 | D:10     | Entered Level 10 of the Dungeon
  8593 | D:11     | Found a staircase to the Lair.
  8679 | D:11     | Reached skill level 10 in Maces & Flails
  8744 | D:11     | Noticed a manticore
  8751 | D:11     | Killed a manticore
  8786 | D:11     | Noticed a two-headed ogre
  8818 | D:11     | Killed a two-headed ogre
  8967 | D:11     | Noticed a two-headed ogre
  8978 | D:11     | Killed a two-headed ogre
  9172 | D:11     | Noticed a green ugly thing
  9186 | D:11     | Killed a green ugly thing
  9186 | D:11     | Reached XP level 12. HP: 52/80 MP: 13/13
  9717 | D:11     | Noticed a six-headed hydra
  9732 | D:11     | Killed a six-headed hydra
 10289 | D:12     | Noticed a two-headed ogre
 10303 | D:12     | Killed a two-headed ogre
 10359 | D:12     | Noticed Azrael
 10477 | Lair:1   | Entered Level 1 of the Lair of Beasts
 10818 | Lair:1   | Reached skill level 1 in Shields
 11083 | Lair:1   | Reached ****** piety under Trog
 11208 | Lair:2   | Noticed a seven-headed hydra
 11215 | Lair:2   | Killed a seven-headed hydra
 11392 | Lair:2   | Found a hole to the Spider Nest.
 11439 | Lair:2   | Found a staircase to the Swamp.
 11473 | Lair:2   | Reached XP level 13. HP: 86/87 MP: 14/14
 11484 | Lair:2   | Received a gift from Trog
 12002 | Lair:3   | Found a transporter.
 12106 | Lair:3   | Found a transporter.
 12106 | Lair:3   | Noticed brucemayne's ghost (journeyman HOMo)
 12342 | Lair:3   | Reached skill level 5 in Shields
 13021 | Lair:4   | Noticed an entropy weaver
 13024 | Lair:4   | Noticed an entropy weaver
 13040 | Lair:4   | Received a gift from Trog
 13041 | Lair:4   | Killed an entropy weaver
 13046 | Lair:4   | Killed an entropy weaver
 13889 | Lair:5   | Found a staircase to the Slime Pits.
 13973 | Lair:5   | Noticed a fire dragon
 13984 | Lair:5   | Killed a fire dragon
 14107 | Lair:5   | Reached XP level 14. HP: 95/95 MP: 15/15
 14238 | Lair:5   | Received a gift from Trog
 14887 | Lair:6   | Entered Level 6 of the Lair of Beasts
 15641 | Lair:6   | Found a large runed translucent door.
 15642 | Lair:6   | Found a large runed translucent door.
 16612 | Orc:1    | Entered Level 1 of the Orcish Mines
 16623 | Orc:1    | Received a gift from Trog
 16803 | Orc:1    | Found a dark tunnel.
 16838 | Volcano  | Entered a volcano
 16948 | Volcano  | Found a bloodstained altar of Trog.
 16949 | Volcano  | Noticed a red draconian
 17003 | Volcano  | Killed a red draconian
 17134 | Orc:2    | Entered Level 2 of the Orcish Mines
 17185 | Orc:2    | Reached skill level 10 in Shields
 17334 | Orc:2    | Reached XP level 15. HP: 92/101 MP: 16/16
 17538 | Orc:2    | Received a gift from Trog
 17549 | Orc:2    | Found a staircase to the Elven Halls.
 17683 | Orc:2    | Found Leman's Antique Armour Shop.
 17783 | Orc:2    | Reached skill level 15 in Fighting
 17791 | Orc:2    | Found a roughly hewn altar of Beogh.
 17957 | Orc:2    | Found Ideriure's Distillery.
 17995 | Orc:2    | Bought a potion of heal wounds for 70 gold pieces
 17995 | Orc:2    | Bought a potion of heal wounds for 70 gold pieces
 17995 | Orc:2    | Bought a potion of heal wounds for 70 gold pieces
 17995 | Orc:2    | Bought a potion of curing for 42 gold pieces
 17995 | Orc:2    | Bought a potion of might for 56 gold pieces
 17995 | Orc:2    | Bought a potion of invisibility for 112 gold pieces
 18001 | Orc:2    | Found Enaf's Jewellery Shoppe.
 18015 | Orc:2    | Bought the ring "Zepakod" {rN+ SInv} for 340 gold pieces
 18015 | Orc:2    | Bought the amulet of Tomorrow {RegenMP +Blink rF+} for 663
                  | gold pieces
 18375 | Orc:2    | Found Gyusaaj's Antique Armour Shoppe.
 18398 | Orc:2    | Bought a fine shield for 275 gold pieces
 18431 | Orc:2    | Identified the +6 shield of Elyvilon's Scorn {rF+ MR+
                  | Regen+} (You bought it in a shop on level 2 of the Orcish
                  | Mines)
 18449 | Orc:2    | Noticed an orc warlord
 18450 | Orc:2    | Found a roughly hewn altar of Beogh.
 18463 | Orc:2    | Killed an orc warlord
 18475 | Orc:2    | Received a gift from Trog
 18606 | Orc:2    | Bought a shimmering robe for 159 gold pieces
 18606 | Orc:2    | Bought a glowing cloak for 210 gold pieces
 18627 | Orc:2    | Identified the +2 robe "Nulel" {+Fly} (You bought it in a
                  | shop on level 2 of the Orcish Mines)
 18885 | D:13     | Found Gozag's Platinum Reserve.
 18892 | D:13     | Found an opulent altar of Gozag.
 19226 | D:13     | Found a gate to the Vaults.
 19533 | D:14     | Noticed Frances
 19544 | D:14     | Killed Frances
 19638 | D:14     | Received a gift from Trog
 19714 | D:14     | Noticed Kirke
 19728 | D:14     | Noticed Jorgrun
 19730 | D:14     | Killed Kirke
 19738 | D:14     | Killed Jorgrun
 19895 | D:14     | Noticed Josephine
 19903 | D:14     | Killed Josephine
 20053 | D:14     | Noticed Agnes
 20063 | D:14     | Killed Agnes
 20066 | D:14     | Reached XP level 16. HP: 110/110 MP: 17/17
 20386 | D:15     | Entered Level 15 of the Dungeon
 20386 | D:15     | Identified Roxanne's Handbook of Clay
 20386 | D:15     | Noticed Roxanne
 20552 | D:15     | Received a gift from Trog
 20810 | D:15     | Found a staircase to the Depths.
 21239 | D:15     | Killed Roxanne
 21480 | D:12     | Found a shadowy altar of Dithmenos.
 22172 | D:12     | Killed Azrael
 22453 | D:12     | Identified a scroll of acquirement
 22678 | Lair:3   | Killed brucemayne's ghost
 22681 | Lair:3   | Reached skill level 15 in Shields
 22911 | Orc:2    | Bought an uncursed ring of poison resistance for 260 gold
                  | pieces
 23090 | Swamp:1  | Entered Level 1 of the Swamp
 23253 | Swamp:1  | Noticed a thorn hunter
 23265 | Swamp:1  | Killed a thorn hunter
 23325 | Swamp:1  | Noticed a thorn hunter
 23331 | Swamp:1  | Killed a thorn hunter
 23453 | Swamp:1  | Reached skill level 10 in Armour
 23453 | Swamp:1  | Reached skill level 10 in Dodging
 23837 | Swamp:1  | Received a gift from Trog
 24021 | Swamp:1  | Reached XP level 17. HP: 90/116 MP: 18/18
 24138 | Swamp:2  | Received a gift from Trog
 25113 | Swamp:3  | Received a gift from Trog
 25438 | Swamp:3  | Identified the +11 hand axe "Atzoss" {drain, rElec rN+}
                  | (You found it on level 3 of the Swamp)
 26061 | Swamp:3  | Got a glittering bone ring
 26413 | Swamp:4  | Entered Level 4 of the Swamp
 26460 | Swamp:4  | Identified the ring of Yxzus {Dex+4 Slay+3 Stlth-} (You
                  | found it on level 3 of the Swamp)
 26585 | Swamp:4  | Noticed Donald
 26622 | Swamp:4  | Killed Donald
 26697 | Swamp:4  | Received a gift from Trog
 26774 | Swamp:4  | Reached XP level 18. HP: 53/124 MP: 19/19
 26893 | Swamp:4  | Got a decaying rune of Zot
 27669 | Spider:1 | Entered Level 1 of the Spider Nest
 28238 | Spider:1 | Received a gift from Trog
 28998 | Spider:2 | Got a transparent rapier
 28999 | Spider:2 | Identified the cursed +1 rapier "Cuipoh" {venom, Fragile
                  | rN+ MP+9} (You found it on level 2 of the Spider Nest)
 29251 | Spider:3 | Received a gift from Trog
 29500 | Spider:3 | Noticed Louise
 29516 | Spider:3 | Killed Louise
 29821 | Spider:4 | Entered Level 4 of the Spider Nest
 29986 | Spider:4 | Received a gift from Trog
 29995 | Spider:4 | Noticed Nikola
 30043 | Spider:4 | Killed Nikola
 30043 | Spider:4 | Reached XP level 19. HP: 130/130 MP: 8/20
 30125 | Spider:4 | Reached skill level 15 in Armour
 30151 | Spider:4 | Reached skill level 15 in Dodging
 30411 | Spider:4 | Got a gossamer rune of Zot
 30664 | Spider:4 | Noticed Arachne
 30675 | Spider:4 | Killed Arachne
 30745 | Spider:4 | Noticed Asterion
 30756 | Spider:4 | Killed Asterion
 31120 | Vaults:1 | Entered Level 1 of the Vaults
 31437 | Vaults:1 | Received a gift from Trog
 31618 | Vaults:1 | Found a roughly hewn altar of Beogh.
 32440 | Vaults:1 | Reached XP level 20. HP: 137/137 MP: 21/21
 32920 | Vaults:2 | Received a gift from Trog
 33902 | Vaults:2 | Received a gift from Trog
 34406 | Vaults:3 | Found Omougol's Magic Scroll Shoppe.
 34413 | Vaults:3 | Bought a scroll of teleportation for 57 gold pieces
 34413 | Vaults:3 | Bought a scroll of teleportation for 57 gold pieces
 34413 | Vaults:3 | Bought a scroll of remove curse for 57 gold pieces
 34413 | Vaults:3 | Bought a scroll of magic mapping for 66 gold pieces
 34413 | Vaults:3 | Bought a scroll of brand weapon for 380 gold pieces
 34413 | Vaults:3 | Bought a scroll of fear for 66 gold pieces
 34413 | Vaults:3 | Bought a scroll of identify for 38 gold pieces
 34544 | Vaults:3 | Got a bloodstained morningstar
 34566 | Vaults:3 | Reached XP level 21. HP: 141/144 MP: 22/22
 34645 | Vaults:3 | Received a gift from Trog
 35248 | Vaults:4 | Found Weac's Assorted Antiques.
 35287 | Vaults:4 | Bought a potion of curing for 108 gold pieces
 35287 | Vaults:4 | Bought a steaming chain mail for 342 gold pieces
 35287 | Vaults:4 | Identified the +2 morningstar "Lymper" {crush, rElec Str+4}
                  | (You found it on level 3 of the Vaults)
 35313 | Vaults:4 | Identified the +1 chain mail of the Doldrums {rF++ rC+}
                  | (You bought it in a shop on level 4 of the Vaults)
 35775 | Vaults:4 | Received a gift from Trog
 36836 | Vaults:3 | Identified the +9 battleaxe of Ziteguka {flame, Int+3} (You
                  | found it on level 3 of the Vaults)
 36969 | Vaults:3 | Found a staircase to the Crypt.
 36977 | Vaults:3 | Reached XP level 22. HP: 150/150 MP: 23/23
 36985 | Vaults:3 | Received a gift from Trog
 37450 | Depths:1 | Entered Level 1 of the Depths
 37552 | Depths:1 | Noticed Aizul
 37563 | Depths:1 | Killed Aizul
 37586 | Depths:1 | Found a gateway to Hell.
 37909 | Depths:1 | Received a gift from Trog
 38154 | Depths:1 | Found a runed translucent gate.
 38154 | Depths:1 | Found a runed translucent gate.
 38154 | Depths:1 | Found a runed translucent gate.
 38155 | Depths:1 | Found an opulent altar of Gozag.
 38155 | Depths:1 | Noticed Xerdoz's ghost (adept DDFi)
 38203 | Depths:1 | Killed Xerdoz's ghost
 38435 | Depths:2 | Noticed Mara
 38443 | Depths:2 | Noticed Amplified's illusion
 38477 | Depths:2 | Killed Mara
 38814 | Depths:2 | Noticed Bai Suzhen
 38836 | Depths:2 | Killed Bai Suzhen
 38854 | Depths:2 | Found a one-way gate leading to the halls of Pandemonium.
 39206 | Depths:2 | Received a gift from Trog
 39406 | Depths:2 | Got a faintly humming chain mail
 39411 | Depths:2 | Identified the +6 chain mail "Meufaedu" {-Cast Dex+4} (You
                  | found it on level 2 of the Depths)
 39412 | Depths:2 | Identified the ring "Cehucaich" {*Slow rN+++ MP+9 Int-4
                  | Dex+7} (You found it on level 2 of the Depths)
 39876 | Depths:3 | Noticed the Enchantress
 39913 | Depths:2 | Reached XP level 23. HP: 96/156 MP: 24/24
 40187 | Depths:2 | You are sucked into a shaft and drop 2 floors!
 40187 | Depths:4 | Noticed a golden dragon
 40195 | Depths:4 | Killed a golden dragon
 40316 | Depths:4 | Found a one-way gate to the infinite horrors of the Abyss.
 40383 | Depths:4 | Received a gift from Trog
 40449 | Depths:4 | Got a bloodstained morningstar {god gift}
 40482 | Depths:4 | Found Icopo's Antique Armour Emporium.
 40486 | Depths:4 | Bought a steaming chain mail for 332 gold pieces
 40773 | Depths:4 | Noticed a golden dragon
 40773 | Depths:4 | Noticed a golden dragon
 40784 | Depths:4 | Killed a golden dragon
 40788 | Depths:4 | Killed a golden dragon
 41215 | Depths:4 | Found Xiugah's Gadget Boutique.
 41221 | Depths:4 | Identified the +10 morningstar "Omaolo" {drain, +Fly Int+3
                  | Dex+4} (Trog gifted it to you on level 4 of the Depths)
 41229 | Depths:4 | Found Icanlec's Gadget Shoppe.
 41231 | Depths:4 | Found Nygoph's Jewellery Boutique.
 41231 | Depths:4 | Found Daptoet's Jewellery Boutique.
 41363 | Depths:4 | Found Begaacs's Antique Weapon Shoppe.
 41380 | Depths:4 | You are sucked into a shaft and drop 1 floor!
 41380 | Depths:5 | Entered Level 5 of the Depths
 41380 | Depths:5 | Found a gate to the Realm of Zot.
 41380 | Depths:5 | Noticed a golden dragon
 41382 | Depths:5 | Noticed a golden dragon
 41468 | Depths:5 | Found a gateway to a ziggurat.
 41602 | Depths:5 | Received a gift from Trog
 41604 | Depths:5 | Noticed a golden dragon
 41615 | Depths:5 | Killed a golden dragon
 41624 | Depths:5 | Killed a golden dragon
 41776 | Depths:5 | Identified the cursed +1 chain mail of Ydea {MR+} (You
                  | bought it in a shop on level 4 of the Depths)
 41790 | Depths:5 | Killed a golden dragon
 41919 | Depths:5 | Reached XP level 24. HP: 130/164 MP: 24/24
 42020 | Depths:5 | Noticed a caustic shrike
 42020 | Depths:5 | Noticed a caustic shrike
 42020 | Depths:5 | Noticed a caustic shrike
 42020 | Depths:5 | Noticed a caustic shrike
 42021 | Depths:5 | Noticed a caustic shrike
 42027 | Depths:5 | Killed a caustic shrike
 42035 | Depths:5 | Killed a caustic shrike
 42040 | Depths:5 | Killed a caustic shrike
 42047 | Depths:5 | Killed a caustic shrike
 42055 | Depths:5 | Killed a caustic shrike
 42657 | Depths:4 | Bought the amulet of Temptation {Reflect Slay+3 SH+4} for
                  | 978 gold pieces
 42884 | Depths:3 | Noticed a caustic shrike
 42901 | Depths:3 | Killed a caustic shrike
 42937 | Depths:3 | Received a gift from Trog
 43177 | Depths:3 | Killed the Enchantress
 43367 | Depths:3 | Received a gift from Trog
 43754 | Depths:4 | Identified the +4 scale mail "Paeps" {rN+} (You found it on
                  | level 4 of the Depths)
 44037 | Crypt:1  | Entered Level 1 of the Crypt
 44195 | Crypt:3  | Entered Level 3 of the Crypt
 44522 | Crypt:3  | Found a basalt altar of Yredelemnul.
 44533 | Crypt:3  | Reached XP level 25. HP: 170/170 MP: 24/24
 44759 | Crypt:3  | Identified Sif Muna's Compendium of Sinister Rituals
 44820 | Crypt:3  | Received a gift from Trog
 45205 | Crypt:3  | Found a staircase to the Tomb.
 46200 | Crypt:2  | Received a gift from Trog
 46836 | Crypt:1  | Found a runed translucent gate.
 46836 | Crypt:1  | Found a runed translucent gate.
 46836 | Crypt:1  | Found an ancient bone altar of Kikubaaqudgha.
 46836 | Crypt:1  | Found a runed translucent gate.
 46836 | Crypt:1  | Noticed Liela's ghost (veteran CeHu)
 46836 | Crypt:1  | Noticed an ancient lich
 46836 | Crypt:1  | Noticed an ancient lich
 47095 | Crypt:1  | Received a gift from Trog
 47264 | Crypt:1  | Identified the +1 robe of the Dolphin {*Slow rN++ Regen+
                  | Stlth+} (You found it on level 1 of the Crypt)
 47589 | Crypt:1  | Killed Liela's ghost
 47649 | Crypt:1  | Killed an ancient lich
 47660 | Crypt:1  | Identified the +1 broad axe "Cookie Cutter" {flame, rN++
                  | Str+3 Int-5} (You found it on level 1 of the Crypt)
 47663 | Crypt:1  | Got a coiled lead ring
 47664 | Crypt:1  | Identified the ring "Camyss" {Dex+3 SInv Stlth+} (You found
                  | it on level 1 of the Crypt)
 48039 | Elf:1    | Entered Level 1 of the Elven Halls
 48061 | Elf:1    | Reached XP level 26. HP: 170/179 MP: 24/24
 48106 | Elf:1    | Found Zaatsuvva's Antique Armour Boutique.
 48129 | Elf:1    | Received a gift from Trog
 48137 | Elf:1    | Bought a transparent hat for 225 gold pieces
 48145 | Elf:1    | Identified the +2 hat "Earthly Heaven" {Str+4} (You bought
                  | it in a shop on level 1 of the Elven Halls)
 48246 | Elf:1    | Found a ruined gateway.
 48260 | Desolati | Entered the Desolation of Salt
 48328 | Desolati | Got a sapphire eveningstar
 48330 | Desolati | Identified the Papyrus of the Traveller and the Arsonist
 48363 | Desolati | Got a shimmering robe
 48502 | Desolati | Got a flickering lapis lazuli ring
 48611 | Desolati | Received a gift from Trog
 48690 | Desolati | Got a twisted plate armour
 48724 | Desolati | Got a fabulously ornate robe
 48730 | Desolati | Identified Araufoke's Incunabulum of Unstable Ice
 49217 | Elf:1    | Identified the cursed ring "Cesoass" {Str+2 Int-3 Dex+5}
                  | (You found it in the Desolation of Salt)
 49447 | Elf:1    | Identified Sif Muna's Reference Book on Calling
 49626 | Elf:2    | Received a gift from Trog
 49885 | Elf:2    | Found Ixze Ich's General Store.
 49888 | Elf:2    | Bought a potion of heal wounds for 80 gold pieces
 49918 | Elf:2    | Found a runed translucent gate.
 49918 | Elf:2    | Found a runed translucent gate.
 49918 | Elf:2    | Found a runed translucent gate.
 50079 | Elf:3    | Entered Level 3 of the Elven Halls
 50249 | Elf:3    | Identified the +6 eveningstar of the Hawk {crush, rN+} (You
                  | found it in the Desolation of Salt)
 50278 | Elf:3    | Found an ancient bone altar of Kikubaaqudgha.
 50400 | Elf:3    | Received a gift from Trog
 50463 | Elf:3    | Gained mutation: You do not regenerate when monsters are
                  | visible. [a cacodemon]
 50552 | Elf:3    | Found the +1 cloak of Starlight {rElec rC+ EV+4 Stlth--}
 50578 | Elf:3    | Received a gift from Trog
 50637 | Elf:3    | Identified the +1 robe of the Alphagorgon {rPois rC- rN+
                  | Str+4} (You found it in the Desolation of Salt)
 50657 | Elf:3    | Got an obsidian-encrusted plate armour
 50764 | Elf:3    | Reached XP level 27. HP: 175/184 MP: 24/24
 50815 | Elf:3    | Got a pitted plate armour
 50918 | Elf:3    | Identified the +9 plate armour of Pandemonium {-Cast rElec
                  | rF- Dex+8} (You found it on level 3 of the Elven Halls)
 51240 | Elf:2    | Bought a scroll of identify for 32 gold pieces
 51240 | Elf:2    | Identified the +2 plate armour of the Barracuda {rC- Regen+
                  | rCorr Dex+5} (You found it on level 3 of the Elven Halls)
 51253 | Elf:2    | Identified the +5 plate armour of Solo {Int+5} (You found
                  | it in the Desolation of Salt)
 51264 | Elf:2    | Identified the +1 robe of Incorporation {rElec Str+3 Dex+2
                  | Slay-4} (You found it in the Desolation of Salt)
 51546 | Elf:2    | Received a gift from Trog
 52264 | Depths:4 | Voluntarily entered the Abyss.
 52414 | Abyss:2  | Found a shimmering blue altar of Sif Muna.
 52420 | Abyss:3  | Found a corrupted altar of Lugonu.
 52873 | Abyss:4  | Lost mutation: You do not regenerate when monsters are
                  | visible. [potion of mutation]
 52873 | Abyss:4  | Gained mutation: You are partially covered in yellow
                  | scales. (AC +2) [potion of mutation]
 53058 | Abyss:4  | Received a gift from Trog
 53151 | Abyss:5  | Entered Level 5 of the Abyss
 53450 | Abyss:5  | Gained mutation: Your body sometimes deteriorates upon
                  | taking damage. [a neqoxec]
 53542 | Abyss:5  | Found a transporter.
 53669 | Abyss:5  | Gained mutation: Scrolls take you a little longer to read.
                  | [a cacodemon]
 53780 | Abyss:5  | Received a gift from Trog
 53903 | Abyss:5  | Paralysed by accursed screaming for 2 turns
 53924 | Depths:4 | Escaped the Abyss
 54050 | Depths:4 | Lost mutation: You are partially covered in yellow scales.
                  | (AC +2) [potion of mutation]
 54050 | Depths:4 | Lost mutation: Scrolls take you a little longer to read.
                  | [potion of mutation]
 54050 | Depths:4 | Lost mutation: Your body sometimes deteriorates upon taking
                  | damage. [potion of mutation]
 54050 | Depths:4 | Gained mutation: You have a pair of small horns on your
                  | head. [potion of mutation]
 54050 | Depths:4 | Gained mutation: Your flesh is cold resistant. (rC+)
                  | [potion of mutation]
 54050 | Depths:4 | Gained mutation: Your mind is acute. (Int +2) [potion of
                  | mutation]
 54053 | Depths:4 | Voluntarily entered the Abyss.
 54069 | Abyss:1  | Paralysed by accursed screaming for 2 turns
 54082 | Abyss:1  | Paralysed by accursed screaming for 1 turns
 54086 | Depths:4 | Escaped the Abyss
 54438 | Depths:4 | Voluntarily entered the Abyss.
 54513 | Abyss:1  | Paralysed by accursed screaming for 1 turns
 54561 | Abyss:1  | Gained mutation: Your magical capacity is low. (-10% MP) [a
                  | cacodemon]
 54777 | Abyss:2  | Gained mutation: Scrolls take you a little longer to read.
                  | [a neqoxec]
 54786 | Abyss:2  | Got a coiled pewter ring
 54838 | Abyss:2  | Identified the ring "Pymall" {rF+ rC- Int+3 Dex+5} (You
                  | found it on level 2 of the Abyss)
 55040 | Abyss:2  | Found a corrupted altar of Lugonu.
 55480 | Abyss:3  | Found a basalt altar of Yredelemnul.
 55483 | Abyss:3  | Found a shimmering altar of Xom.
 55483 | Abyss:3  | Found an ancient bone altar of Kikubaaqudgha.
 55483 | Abyss:3  | Found a shadowy altar of Dithmenos.
 55496 | Abyss:3  | Found a hazy altar of Hepliaklqana.
 55496 | Abyss:3  | Found a white marble altar of Elyvilon.
 55498 | Abyss:3  | Found a blossoming altar of Fedhas.
 55498 | Abyss:3  | Found a radiant altar of Vehumet.
 55498 | Abyss:3  | Found a burning altar of Makhleb.
 55498 | Abyss:3  | Found a glowing golden altar of the Shining One.
 55502 | Abyss:3  | Found an ornate altar of the Wu Jian Council.
 55504 | Abyss:3  | Found a hide-covered altar of Uskayaw.
 55504 | Abyss:3  | Found a shattered altar of Ashenzari.
 55504 | Abyss:3  | Found an opulent altar of Gozag.
 55506 | Abyss:3  | Found a glowing silver altar of Zin.
 55506 | Abyss:3  | Found a stormy altar of Qazlal.
 55506 | Abyss:3  | Found a bloodstained altar of Trog.
 55506 | Abyss:3  | Found a sparkling altar of Nemelex Xobeh.
 55508 | Abyss:3  | Found a snail-covered altar of Cheibriados.
 55508 | Abyss:3  | Found an iron altar of Okawaru.
 55508 | Abyss:3  | Found a bloodstained altar of Trog.
 55516 | Abyss:3  | Found a shimmering altar of Xom.
 55551 | Abyss:3  | Received a gift from Trog
 55652 | Abyss:3  | Found a radiant altar of Vehumet.
 55671 | Abyss:3  | Found a shimmering altar of Xom.
 55691 | Abyss:4  | Found a corrupted altar of Lugonu.
 55716 | Abyss:5  | Entered Level 5 of the Abyss
 55716 | Abyss:5  | Found a corrupted altar of Lugonu.
 55782 | Abyss:5  | Got an abyssal rune of Zot
 55920 | Depths:4 | Escaped the Abyss
 56225 | Vaults:5 | Entered Level 5 of the Vaults
 56281 | Vaults:5 | Received a gift from Trog
 56677 | Vaults:5 | Received a gift from Trog
 56687 | Vaults:5 | Identified the +3 great sword of the End {venom, MR- Str+2
                  | Stlth+}
 57051 | Vaults:5 | Got a scorched ivory ring
 57112 | Vaults:5 | Identified Wosu's Papyrus of the Boosting Mountains
 57134 | Vaults:5 | Identified the +5 hand axe of Floods {vamp, rC+ Int+3
                  | Dex+4}
 57165 | Vaults:5 | Received a gift from Trog
 57328 | Vaults:5 | Found Cothoham's Food Boutique.
 57347 | Vaults:5 | Bought a ration for 70 gold pieces
 57347 | Vaults:5 | Bought a ration for 70 gold pieces
 57347 | Vaults:5 | Bought a ration for 70 gold pieces
 57347 | Vaults:5 | Bought a ration for 70 gold pieces
 57347 | Vaults:5 | Bought a ration for 70 gold pieces
 57347 | Vaults:5 | Bought a ration for 70 gold pieces
 57347 | Vaults:5 | Bought a ration for 70 gold pieces
 57347 | Vaults:5 | Bought a ration for 70 gold pieces
 57347 | Vaults:5 | Bought a ration for 70 gold pieces
 57347 | Vaults:5 | Bought a ration for 70 gold pieces
 57347 | Vaults:5 | Bought a ration for 70 gold pieces
 57347 | Vaults:5 | Bought a ration for 70 gold pieces
 57355 | Vaults:5 | Found Zimnes's Food Emporium.
 57396 | Vaults:5 | Found Ygeebruj's Food Shop.
 57396 | Vaults:5 | Found Qiodarhupn's Food Emporium.
 57711 | Vaults:5 | Got a silver rune of Zot
 57755 | Vaults:5 | Received a gift from Trog
 57972 | Vaults:5 | Found Suapp's Food Shoppe.
 57984 | Vaults:5 | Found Peurunn's Food Shop.
 57992 | Vaults:5 | Found Mourgho's Magic Scroll Shoppe.
 58021 | Vaults:5 | Found Juqiymok's Magic Scroll Boutique.
 58025 | Vaults:5 | Bought a scroll of identify for 40 gold pieces
 58025 | Vaults:5 | Bought a scroll of brand weapon for 400 gold pieces
 58025 | Vaults:5 | Bought a scroll of teleportation for 60 gold pieces
 58025 | Vaults:5 | Bought a scroll of enchant weapon for 150 gold pieces
 58025 | Vaults:5 | Bought a scroll of identify for 40 gold pieces
 58025 | Vaults:5 | Bought a scroll of identify for 40 gold pieces
 58025 | Vaults:5 | Bought a scroll of blinking for 150 gold pieces
 58025 | Vaults:5 | Bought a scroll of identify for 40 gold pieces
 58025 | Vaults:5 | Bought a scroll of blinking for 150 gold pieces
 58025 | Vaults:5 | Bought a scroll of summoning for 190 gold pieces
 58042 | Vaults:5 | Bought a scroll of identify for 44 gold pieces
 58042 | Vaults:5 | Bought 3 scrolls of remove curse for 198 gold pieces
 58042 | Vaults:5 | Bought a scroll of fear for 77 gold pieces
 58042 | Vaults:5 | Bought 2 scrolls of identify for 88 gold pieces
 58042 | Vaults:5 | Bought a scroll of fog for 44 gold pieces
 58042 | Vaults:5 | Bought a scroll of remove curse for 66 gold pieces
 58042 | Vaults:5 | Bought a scroll of identify for 44 gold pieces
 58042 | Vaults:5 | Bought a scroll of identify for 44 gold pieces
 58042 | Vaults:5 | Bought a scroll of magic mapping for 77 gold pieces
 58049 | Vaults:5 | Bought a ration for 65 gold pieces
 58049 | Vaults:5 | Bought a ration for 65 gold pieces
 58049 | Vaults:5 | Bought a ration for 65 gold pieces
 58049 | Vaults:5 | Bought a ration for 65 gold pieces
 58049 | Vaults:5 | Bought a ration for 65 gold pieces
 58049 | Vaults:5 | Bought a ration for 65 gold pieces
 58049 | Vaults:5 | Bought a ration for 65 gold pieces
 58049 | Vaults:5 | Bought a ration for 65 gold pieces
 58049 | Vaults:5 | Bought a ration for 65 gold pieces
 58049 | Vaults:5 | Bought a ration for 65 gold pieces
 58049 | Vaults:5 | Bought a ration for 65 gold pieces
 58060 | Vaults:5 | Bought a ration for 50 gold pieces
 58060 | Vaults:5 | Bought a ration for 50 gold pieces
 58060 | Vaults:5 | Bought a ration for 50 gold pieces
 58060 | Vaults:5 | Bought a ration for 50 gold pieces
 58060 | Vaults:5 | Bought a ration for 50 gold pieces
 58060 | Vaults:5 | Bought a ration for 50 gold pieces
 58060 | Vaults:5 | Bought a ration for 50 gold pieces
 58074 | Vaults:5 | Bought a ration for 50 gold pieces
 58074 | Vaults:5 | Bought a ration for 50 gold pieces
 58074 | Vaults:5 | Bought a ration for 50 gold pieces
 58074 | Vaults:5 | Bought a ration for 50 gold pieces
 58074 | Vaults:5 | Bought a ration for 50 gold pieces
 58074 | Vaults:5 | Bought a ration for 50 gold pieces
 58074 | Vaults:5 | Bought a ration for 50 gold pieces
 58074 | Vaults:5 | Bought a ration for 50 gold pieces
 58120 | Vaults:5 | Identified the ring "Vehaff" {rC- MP+9 Str+6 Dex+2} (You
                  | found it on level 5 of the Vaults)
 58123 | Vaults:5 | Identified the +0 cloak of the Desert {rPois rC+} (You
                  | found it on level 5 of the Vaults)
 58165 | Vaults:5 | Identified the +5 scale mail of Disguise {rF++ rCorr
                  | Slay-5} (You found it on level 5 of the Vaults)
 58673 | Slime:1  | Entered Level 1 of the Pits of Slime
 58810 | Slime:3  | Gained mutation: You are occasionally teleported next to
                  | monsters. [a shining eye]
 58918 | Slime:5  | Entered Level 5 of the Pits of Slime
 58983 | Slime:5  | Noticed the Royal Jelly
 59002 | Slime:5  | Gained mutation: Potions are less effective at restoring
                  | your health. [a shining eye]
 59222 | Slime:5  | Received a gift from Trog
 59232 | Slime:5  | Gained mutation: You tend to lose your temper in combat. [a
                  | shining eye]
 59294 | Slime:4  | Reached skill level 27 in Armour
 59301 | Slime:4  | Reached skill level 27 in Dodging
 59510 | Slime:4  | Lost mutation: Scrolls take you a little longer to read.
                  | [potion of mutation]
 59510 | Slime:4  | Lost mutation: Your flesh is cold resistant. (rC+) [potion
                  | of mutation]
 59510 | Slime:4  | Lost mutation: You are occasionally teleported next to
                  | monsters. [potion of mutation]
 59510 | Slime:4  | Gained mutation: You expend magic power (3 MP) to
                  | strengthen your wands. [potion of mutation]
 59510 | Slime:4  | Gained mutation: You are partially covered in iridescent
                  | scales. (AC +2) [potion of mutation]
 59510 | Slime:4  | Lost mutation: Your mind is acute. (Int +2) [potion of
                  | mutation]
 59510 | Slime:4  | Gained mutation: Your muscles are strong. (Str +2) [potion
                  | of mutation]
 59511 | Slime:4  | Lost mutation: Your muscles are strong. (Str +2) [potion of
                  | mutation]
 59511 | Slime:4  | Lost mutation: Potions are less effective at restoring your
                  | health. [potion of mutation]
 59511 | Slime:4  | Lost mutation: You have a pair of small horns on your head.
                  | [potion of mutation]
 59511 | Slime:4  | Gained mutation: You are clumsy. (Dex -2) [potion of
                  | mutation]
 59511 | Slime:4  | Gained mutation: Your flesh is cold resistant. (rC+)
                  | [potion of mutation]
 59521 | Slime:5  | Found a viscous altar of Jiyva.
 59524 | Slime:5  | Found the +3 giant club "Skullcrusher" {speed, Str+7}
 59867 | Slime:5  | Killed the Royal Jelly
 59963 | Slime:5  | Got a slimy rune of Zot
 60182 | Slime:5  | Identified the Incunabulum of Dusty Dislocation
 60193 | Slime:5  | Identified the cursed +0 leather armour of Divine
                  | Intervention {rF+ Str+4 Dex+3 Stlth-} (You found it on
                  | level 5 of the Pits of Slime)
 60727 | Zig:1    | Entered Level 1 of a ziggurat
 60753 | Zig:2    | Entered Level 2 of a ziggurat
 60784 | Zig:3    | Entered Level 3 of a ziggurat
 60828 | Zig:4    | Entered Level 4 of a ziggurat
 60830 | Zig:4    | Found the +3 crown of Dyrovepreva {rElec Int+2 SInv}
 60910 | Zig:5    | Entered Level 5 of a ziggurat
 60914 | Zig:5    | Noticed Usazyer the pandemonium lord
 60926 | Zig:5    | Killed Usazyer the pandemonium lord
 60977 | Zig:6    | Entered Level 6 of a ziggurat
 61029 | Zig:6    | Identified the +8 lajatang of Courage {antimagic, Fragile
                  | rElec rPois Dex+10} (You found it on level 6 of a ziggurat)
 61068 | Zig:7    | Entered Level 7 of a ziggurat
 61162 | Zig:8    | Entered Level 8 of a ziggurat
 61182 | Zig:8    | Noticed a greater mummy
 61194 | Depths:5 | Killed a greater mummy
 61196 | Depths:5 | Received a gift from Trog
 61329 | Zot:1    | Entered Level 1 of the Realm of Zot
 61721 | Zot:5    | Entered Level 5 of the Realm of Zot
 61730 | Zot:5    | Lost mutation: Your magical capacity is low. (-10% MP)
                  | [potion of mutation]
 61730 | Zot:5    | Lost mutation: You expend magic power (3 MP) to strengthen
                  | your wands. [potion of mutation]
 61730 | Zot:5    | Lost mutation: Your flesh is cold resistant. (rC+) [potion
                  | of mutation]
 61730 | Zot:5    | Lost mutation: You are clumsy. (Dex -2) [potion of
                  | mutation]
 61730 | Zot:5    | Gained mutation: You are clumsy. (Dex -2) [potion of
                  | mutation]
 61730 | Zot:5    | Gained mutation: You are frail. (-10% HP) [potion of
                  | mutation]
 61730 | Zot:5    | Gained mutation: Your mind is acute. (Int +2) [potion of
                  | mutation]
 61731 | Zot:5    | Lost mutation: You are frail. (-10% HP) [potion of
                  | mutation]
 61731 | Zot:5    | Lost mutation: Your mind is acute. (Int +2) [potion of
                  | mutation]
 61731 | Zot:5    | Lost mutation: You are clumsy. (Dex -2) [potion of
                  | mutation]
 61731 | Zot:5    | Lost mutation: You tend to lose your temper in combat.
                  | [potion of mutation]
 61731 | Zot:5    | Gained mutation: You are weak. (Str -2) [potion of
                  | mutation]
 61731 | Zot:5    | Gained mutation: You are robust. (+10% HP) [potion of
                  | mutation]
 62115 | Zot:5    | Found a snail-covered altar of Cheibriados.
 62832 | Zot:5    | Reached skill level 27 in Fighting
 62989 | Zot:5    | Noticed an ancient lich
 63019 | Zot:5    | Killed an ancient lich
 63034 | Zot:5    | Noticed an orb of fire
 63062 | Zot:5    | Gained mutation: Your magical capacity is low. (-10% MP)
                  | [an orb of fire]
 63066 | Zot:5    | Killed an orb of fire
 63124 | Zot:5    | Noticed an orb of fire
 63132 | Zot:5    | Killed an orb of fire
 63136 | Zot:5    | Noticed an orb of fire
 63140 | Zot:5    | Gained mutation: You are clumsy. (Dex -2) [an orb of fire]
 63153 | Zot:5    | Lost mutation: You are robust. (+10% HP) [an orb of fire]
 63155 | Zot:5    | Killed an orb of fire
 63354 | Zot:5    | Noticed an orb of fire
 63421 | Zot:5    | Gained mutation: You tend to lose your temper in combat.
                  | [an orb of fire]
 63440 | Zot:5    | Gained mutation: You are partially covered in large bone
                  | plates. (SH +4) [an orb of fire]
 63441 | Zot:5    | Killed an orb of fire
 63442 | Zot:5    | Noticed an ancient lich
 63442 | Zot:5    | Gained mutation: You are very weak. (Str -4) [an orb of
                  | fire]
 63443 | Zot:5    | Noticed an orb of fire
 63443 | Zot:5    | Noticed an ancient lich
 63443 | Zot:5    | Gained mutation: Your magical capacity is very low. (-20%
                  | MP) [an orb of fire]
 63444 | Zot:5    | Noticed an orb of fire
 65346 | Depths:4 | Bought a jewelled plate armour for 980 gold pieces
 65346 | Depths:4 | Identified the +2 plate armour of Yredelemnul's Anger
                  | {-Cast rF+ rN++ MR+} (You bought it in a shop on level 4 of
                  | the Depths)
 65349 | Depths:4 | Lost mutation: You tend to lose your temper in combat.
                  | [potion of mutation]
 65349 | Depths:4 | Lost mutation: You are clumsy. (Dex -2) [potion of
                  | mutation]
 65349 | Depths:4 | Gained mutation: You tend to lose your temper in combat.
                  | [potion of mutation]
 65349 | Depths:4 | Gained mutation: You are partially covered in rugged brown
                  | scales. (AC +1, +3% HP) [potion of mutation]
 65349 | Depths:4 | Lost mutation: You tend to lose your temper in combat.
                  | [potion of mutation]
 65349 | Depths:4 | Gained mutation: You are resistant to hostile enchantments.
                  | (MR+) [potion of mutation]
 65963 | Zot:1    | Received a gift from Trog
 66248 | Zot:2    | Noticed an orb of fire
 66268 | Zot:2    | Killed an orb of fire
 67585 | Zot:5    | Received a gift from Trog
 67615 | Zot:5    | Got the Orb of Zot
 67737 | Zot:4    | Noticed Vaxames the pandemonium lord
 68323 | D:5      | Noticed Beugheh the pandemonium lord
 68491 | D:$      | Escaped with the Orb!

Levels and vault maps discovered:
D:1:      psy_arrival_whirlpool, layout_basic
D:2:      layout_basic, first_ration, lemuel_statue_altar
D:3:      layout_loops_ring, uniq_sigmund
D:4:      layout_loops_cross, minmay_small_thing, uniq_ijyb,
          uniq_crazy_yiuf_cottage
D:5:      layout_cave_pools, minmay_temple_entry_ruins
D:6:      layout_basic, kennysheep_little_box
D:7:      lemuel_ratsnest, layout_loops_ring
D:8:      layout_basic, minitemple
D:9:      layout_long_grid, david_orc_5, enter_bailey_2, hangedman_ranch
          [blue_anna_fruit_fields], kennysheep_okawaru_gauntlet, uniq_psyche,
          uniq_grum, uniq_erica
D:10:     layout_gridville
D:11:     layout_stronghold, david_lair_shrubbed
D:12:     layout_stronghold, minmay_misc_feat_columns,
          grunt_dithmenos_smoke_and_mirrors, uniq_azrael
D:13:     layout_roguey, david_vaults_5, nicolae_gozag_zags_fifth_avenue
D:14:     layout_roguey, uniq_kirke, uniq_agnes, uniq_josephine, uniq_frances,
          uniq_jorgrun
D:15:     grunt_enter_depths_giant_problem, layout_loops_ring,
          serial_bayou_shore_a, chequers_serial_rivers_micro_c, uniq_roxanne
Lair:1:   layout_gridlike, grunt_megastairs_2
Lair:2:   layout_loops_ring, skrybe_swamp_entry_bodies, dummy_spider_entry,
          roderic_batcave
Lair:3:   layout_cave_pods, gammafunk_ghost_arena, forest_entry_grove
Lair:4:   dpeg_oklob_gauntlet, layout_cave_pods, minmay_another_anthill,
          grunt_megastairs_1
Lair:5:   dragon1_lemuel, layout_cave_pods, minmay_slime_entry_jelly_boxes
Lair:6:   cheibrodos_lair_end_hotspot, layout_cave_pods, serial_bayou_shore_b
Swamp:1:  layout_falls_marsh, evilmike_swamp_ruin_rubble_2
Swamp:2:  layout_falls_marsh, evilmike_swamp_ruin_house_3
Swamp:3:  cheibrodos_swamp_mausoleum, layout_basic_swamp,
          infiniplex_staircase_pool, swamp_pool4, nicolae_swamp_trees_clearing
Swamp:4:  swamp_icy, layout_basic_swamp, uniq_donald
Spider:1: layout_spider_delve
Spider:2: layout_spider_delve, hangedman_spider_trapstep
Spider:3: layout_spider_delve, ebering_ghost_disaster_area, uniq_louise
Spider:4: johnstein_spider_rune_arachne_lair, nicolae_spider_webs_and_nodes,
          drop_trap, uniq_arachne, uniq_nikola, uniq_asterion
Slime:1:  layout_caves
Slime:2:  layout_caves
Slime:3:  layout_caves, nicolae_slime_phagocytosis
Slime:4:  layout_caves
Slime:5
Orc:1:    layout_caves, nicolae_volcano_entry_two_sided, serial_shops,
          nicolae_shop_crystal, uniq_maurice
Orc:2:    pubby_orc_utopia
Elf:1:    layout_rooms, portal_desolation_entry_twin_temple, serial_shops,
          nicolae_shop_temple_entry_statues_fountains, minmay_elf_demonology
Elf:2:    layout_geoelf_grid, serial_shops, nicolae_shop_behind_doors, drop_trap
Elf:3:    minmay_elf_hall_spiked, layout_loops_cross, basic_altar,
          grunt_ministairs_11
Vaults:1: v_rooms_5, special_room_vaults [special_room_orc],
          hangedman_vaults_snaps, dpeg_vaults_monster_row,
          nicolae_vaults_little_squares_4, dpeg_vaults_monster_box,
          nicolae_vaults_alarming, vaults_mumra_hexcomb,
          nicolae_vaults_little_squares_3, serial_ice_b, vaults_dpeg_hooks,
          layout_vaults_omnibox
Vaults:2: nicolae_vaults_theta, nicolae_vaults_angled_halls,
          nicolae_vaults_rhombus_5, v_pattern_4,
          nicolae_vaults_disjoint_gnomons, hangedman_vaults_river_flow,
          hangedman_vaults_slither, hangedman_vaults_restitches,
          ontoclasm_vaults_shout, vaults_mumra_minichess,
          grunt_vaults_hallway_long, layout_vaults_maze_bifur
Vaults:3: nicolae_vaults_little_squares_5, ontoclasm_vaults_decontamination,
          minmay_crypt_entry_simple_statues, st_octagons_1, v_misc_9,
          nicolae_vaults_yaktaur_gun_rack, hangedman_vaults_stretched_pinwheel,
          hangedman_vaults_cutoff, layout_vaults_omnigrid, serial_shops,
          nicolae_shop_window_shopping
Vaults:4: nicolae_vaults_back_hallway, nicolae_vaults_rhombus_7,
          nicolae_vaults_murderbox, grunt_vaults_diagonal, v_misc_19,
          vaults_mumra_minichess_inversion, layout_vaults_omnicross,
          serial_shops, shop
Vaults:5
Crypt:1:  layout_regular_city, gammafunk_ghost_crypt, eino_tiny_chamber,
          roderic_lattice_octagonal_star, grunt_crypt_arrival_guarded_gate
Crypt:2:  layout_chaotic_city, grunt_megastairs_3
Crypt:3:  evilmike_haunted_forest
Depths:1: layout_long_grid, hell_entry, ebering_ghost_gozag,
          minmay_misc_feat_four_crosses, kennysheep_generic_room_2, uniq_aizul
Depths:2: minmay_haunted_quarter, layout_cave_pools, rand_demon_pan_entry_7,
          hell_entry, nrook_uturn, st_stairs_12, minmay_misc_feat_ornament,
          serial_bayou_pond_e, minmay_staircase_windowed_large,
          serial_bayou_shore_b, uniq_bai_suzhen, uniq_mara
Depths:3: minmay_the_grid_3x3 [minmay_the_grid_expand,
          minmay_the_grid_holed_spiral, minmay_the_grid_minigrid_medium,
          minmay_the_grid_dragon_b, minmay_the_grid_garden,
          minmay_the_grid_outer_circle, minmay_the_grid_minigrid_small,
          minmay_the_grid_plusring, minmay_the_grid_prize_four_corners],
          layout_cave_pools, rand_demon_pan_entry_5, hell_entry,
          infiniplex_staircase_trident, uniq_enchantress
Depths:4: minmay_shrinking_squares, layout_gridlike, abyss_entry,
          grunt_hell_entry_dis_grunt, serial_shops, shop,
          nicolae_shop_statue_plus, shop, serial_bayou_shore_b,
          minmay_shop_grove
Depths:5: evilmike_zot_entry_round, layout_basic, enter_ziggurat_f, hell_entry,
          dk_noncrumbling_3
Zot:1:    minmay_elemental_castle, layout_basic
Zot:2:    layout_onion
Zot:3:    layout_onion_interference, grunt_ministairs_7
Zot:4:    layout_gridlike
Zot:5:    layout_twisted_circle, basic_altar

Skill      XL: |  1  2  3  4  5  6  7  8  9 10 11 12 13 14 15 16 17 18 19 20 21 22 23 24 25 26 27 |
---------------+----------------------------------------------------------------------------------+-----
Polearms       | 4 5 6 |  6.5
Fighting       | 4 5 7 8 10 11 12 13 14 15 16 17 18 19 20 21 22 27 | 27.0
Armour         | 3 4 5 6 7 8 9 10 12 14 16 18 19 20 21 23 24 25 27 | 27.0
Dodging        | 3 4 5 6 7 8 9 10 12 14 16 17 19 20 21 22 24 25 27 | 27.0
Maces & Flails | 3 6 8 10 12 13 14 | 14.4
Shields        | 3 7 10 13 15 26 | 26.6
Unarmed Combat | 8 |  8.0

Action                   |  1- 3 |  4- 6 |  7- 9 | 10-12 | 13-15 | 16-18 | 19-21 | 22-24 | 25-27 || total
-------------------------+-------+-------+-------+-------+-------+-------+-------+-------+-------++-------
Melee: Spear             |    74 |   103 |    89 |       |       |       |       |       |       ||   266
       Kick              |    19 |    22 |    59 |   143 |   415 |   651 |   801 |   947 |  3198 ||  6255
       Peck              |    11 |    15 |    22 |    90 |   230 |   409 |   504 |   609 |  1889 ||  3779
       Flail             |       |       |   120 |   387 |   944 |  1264 |  1381 |  1555 |  4975 || 10626
       Headbutt          |       |       |       |       |       |       |       |       |   569 ||   569
Throw: Dart              |       |       |       |       |       |     1 |       |       |     1 ||     2
       Throwing net      |       |       |       |       |       |       |       |       |     6 ||     6
Invok: Berserk           |       |     3 |     2 |     4 |    19 |    26 |    17 |    16 |    40 ||   127
       Trog's Hand       |       |       |       |     5 |    10 |    13 |    12 |    10 |    54 ||   104
       Brothers in Arms  |       |       |       |       |       |       |       |     1 |     3 ||     4
 Abil: Fly               |       |       |       |     1 |       |       |       |       |     3 ||     4
       Stop Flying       |       |       |       |       |       |       |       |       |     3 ||     3
Evoke: Wand              |       |       |     2 |    13 |     8 |    21 |     3 |       |    10 ||    57
  Use: Scroll            |    11 |     1 |     1 |     9 |    15 |    26 |    12 |     7 |    63 ||   145
       Potion            |     1 |     3 |     3 |     7 |     8 |    14 |     4 |     8 |    28 ||    76
 Stab: Sleeping          |     1 |       |     4 |     9 |    25 |    18 |       |       |     2 ||    59
       Confused          |       |       |       |     3 |       |       |       |       |       ||     3
       Distracted        |       |       |       |     2 |     2 |     1 |       |       |     2 ||     7
       Invisible         |       |       |       |       |     4 |     1 |       |     1 |    18 ||    24
       Paralysed         |       |       |       |       |     3 |       |       |       |       ||     3
       Held in net/web   |       |       |       |       |       |       |       |       |     6 ||     6
  Eat: Chunk             |     1 |     5 |     6 |    15 |    27 |    21 |    29 |    30 |    20 ||   154
       Ration            |     1 |       |     2 |     2 |     6 |    12 |     3 |     5 |    35 ||    66
Armor: Scale mail        |     3 |    23 |     3 |       |       |       |       |       |       ||    29
       Animal skin       |     1 |       |       |       |       |       |       |       |       ||     1
       Leather armour    |     1 |       |       |       |       |       |       |       |       ||     1
       Robe              |       |       |    35 |    33 |    36 |    49 |       |       |       ||   153
       Ring mail         |       |       |       |       |       |    44 |    81 |    91 |    57 ||   273
       Gold dragon scale |       |       |       |       |       |       |       |       |   503 ||   503
       Chain mail        |       |       |       |       |       |       |       |       |     4 ||     4
Dodge: Dodged            |    16 |    34 |    94 |   243 |   450 |   649 |   680 |   908 |  2322 ||  5396
Block: Shield            |       |       |    59 |   170 |   547 |  1120 |  1178 |  1274 |  4965 ||  9313
       Reflection        |       |       |       |       |       |       |       |    10 |   140 ||   150
